AoeStats
← EDGE777

Arena

510193685Analyzed
1v1 RM · 4d ago on Sep 29, 2026· 43m 31s· 2 players
Game mode
Random Map
Map size
Tiny (2 player)
Population
200
Speed
Normal
Resources
Standard
Victory
Conquest
Starting age
Dark Age
Ending age
Imperial Age
RankedLock teamsTeams togetherTeam positionsShared explorationLock speedFull tech treeHidden civsTurbo modeCheats
Victory
Defeat
🇦🇷 Byzantines · Argentina
800
+14
🇵🇪 Ethiopians · Peru
767
-14
EDGE777
10:50 Feudal Age
11:18 Double-Bit Axe
11:14 Horse Collar
11:26 Gold Mining
16:09 Castle Age
15:52 Stone Mining
22:26 Wheelbarrow
22:37 Bow Saw
22:39 Heavy Plow
24:22 Gold Shaft Mining
32:18 Imperial Age
32:22 Stone Shaft Mining
34:43 Two-Man Saw
38:25 Halberdier
39:08 Squires
39:31 Hand Cart
40:21 Chemistry
39:41 Ballistics
41:46 Scale Mail Armor
Omar III9558
11:00 Feudal Age
15:23 Castle Age
13:49 Loom
14:57 Double-Bit Axe
22:31 Pikeman
25:03 Scale Mail Armor
25:01 Gold Mining
31:38 Imperial Age
29:33 Fletching
29:57 Forging
29:53 Scale Barding Armor
31:16 Wheelbarrow
30:58 Bow Saw
30:30 Horse Collar
30:55 Husbandry
31:48 Cavalier
34:06 Hand Cart
33:35 Elite Cataphract
38:33 Iron Casting
37:39 Capped Ram
38:40 Thumb Ring
37:56 Crossbowman
38:48 Arbalester
39:55 Siege Ram
Connection lost

Rejoining the realm…

Still unreachable

The connection could not be restored.

Session expired

The server has moved on; the page needs a fresh start.